 Dungeon Crawl Stone Soup version 0.20.1-1-g8b1a95d (webtiles) character file.

195 Peloso the Slasher (level 5, 0/41 HPs)
             Began as a Demonspawn Fighter on Oct 21, 2017.
             Succumbed to an adder's poison
             ... on level 3 of the Dungeon.
             The game lasted 00:05:18 (2186 turns).

Peloso the Slasher (Demonspawn Fighter)             Turns: 2186, Time: 00:05:19

Health: 0/41       AC: 12    Str: 17    XL:     5   Next: 45%
Magic:  5/5        EV:  7    Int: 10    God:
Gold:   82         SH:  9    Dex: 12    Spells: 4/4 levels left

rFire    . . .     SeeInvis .   a - +0 long sword
rCold    . . .     Gourm    .   c - +0 shield
rNeg     . . .     Faith    .   b - +0 scale mail
rPois    .         Spirit   .   (no helmet)
rElec    .         Reflect  .   (no cloak)
rCorr    .         Harm     .   (no gloves)
MR       .....                  h - +1 pair of boots
Stlth    ..........             (no amulet)
Regen    0.2/turn               (no ring)
MPRegen  0.1/turn               (no ring)

@: lethally poisoned (0 -> -5)
A: claws 1, icy blue scales 2
a: no special abilities


You were on level 3 of the Dungeon.
You were hungry.

You visited 1 branch of the dungeon, and saw 3 of its levels.

You collected 82 gold pieces.

Inventory:

Hand Weapons
 a - a +0 long sword (weapon)
Armour
 b - a +0 scale mail (worn)
 c - a +0 shield (worn)
 h - a +1 pair of boots (worn)
Wands
 q - a wand of disintegration (10/24)
Scrolls
 d - a scroll of noise {unknown}
 e - 3 scrolls of identify {unknown}
 j - 2 scrolls of magic mapping {unknown}
 m - a scroll of enchant weapon {unknown}
 o - a scroll of enchant armour {unknown}
 p - a scroll of immolation {unknown}
Potions
 l - a potion of mutation {unknown}
 r - a potion of agility {unknown}
 s - a potion of haste {unknown}
Comestibles
 f - 2 bread rations
 k - a royal jelly
 n - 2 meat rations


   Skills:
 + Level 3.5 Fighting
 + Level 3.7 Long Blades
 + Level 3.2 Armour
 + Level 0.8 Dodging
 + Level 0.6 Stealth
 + Level 3.3 Shields


You had 4 spell levels left.
You didn't know any spells.

Dungeon Overview and Level Annotations

Branches:
Dungeon (3/15)

Altars:
Qazlal
Zin


Innate Abilities, Weirdness & Mutations

You have sharp fingernails.
You are mostly covered in icy blue scales. (AC +3)


Message History

You feel sick. The adder bites you but does no damage.
You block the adder's attack.
You slash the adder!
You kill the adder!
* * * LOW HITPOINT WARNING * * *
You feel sick.
* * * LOW HITPOINT WARNING * * *
You feel sick.
There is an open door here.
* * * LOW HITPOINT WARNING * * *
You feel sick.
* * * LOW HITPOINT WARNING * * *
You feel sick.
It was a potion of flight.
You feel very buoyant.
You fly up into the air.
It was a potion of cancellation.
Your magical effects are unravelling.
You feel magically purged.
You float gracefully downwards.
You die...

#### #.# #.### #...#
###.# #+## #.# #...##
#.## ##.....## #..##
##.......#
######...####.(.......
............'.@.......
######...####.........
##.## ##..?....# #.#
##.....## #.# #...##
#.# #+## #.# #.# #.#


There were no monsters in sight!

Vanquished Creatures
  The ghost of frotz the Ruffian, an amateur TrWz (D:3)
  4 adders
  4 worms (D:2)
  2 dart slugs
  2 leopard geckos
  An orc (D:3)
  6 giant cockroaches
  6 goblins
  3 hobgoblins
  2 jackals (D:2)
  7 bats
  4 frilled lizards
  7 kobolds
  6 rats
55 creatures vanquished.

Notes
Turn   | Place    | Note
-------+----------+-------------------------------------------
     0 | D:1      | Peloso the Demonspawn Fighter began the quest for the Orb.
     0 | D:1      | Reached XP level 1. HP: 18/18 MP: 1/1
   181 | D:1      | Gained mutation: You are partially covered in icy blue scales. (AC +2) [demonic ancestry]
   181 | D:1      | Reached XP level 2. HP: 15/24 MP: 2/2
   856 | D:2      | Gained mutation: You are mostly covered in icy blue scales. (AC +3) [demonic ancestry]
   856 | D:2      | Reached XP level 3. HP: 21/29 MP: 3/3
  1685 | D:2      | Found a glowing silver altar of Zin.
  1753 | D:2      | Gained mutation: You have sharp fingernails. [demonic ancestry]
  1753 | D:2      | Reached XP level 4. HP: 35/35 MP: 4/4
  2040 | D:3      | Noticed frotz's ghost (amateur TrWz)
  2060 | D:3      | Killed frotz's ghost
  2060 | D:3      | Reached XP level 5. HP: 25/41 MP: 5/5
  2068 | D:3      | Found a stormy altar of Qazlal.
  2183 | D:3      | HP: 2/41 [poisoned by an adder]
  2186 | D:3      | Succumbed to an adder's poison

Skill      XL: |  1  2  3  4 |
---------------+-------------+-----
Long Blades    | 2 3 |  3.7
Armour         | 3 |  3.2
Shields        | 3 |  3.3
Fighting       | |  3.5
Dodging        | |  0.8
Stealth        | |  0.6

Action                   |  1- 3 |  4- 6 || total
-------------------------+-------+-------++-------
Melee: Long sword        |   146 |    85 ||   231
  Use: Potion            |       |     3 ||     3
  Eat: Chunk             |     3 |     1 ||     4
Armor: Scale mail        |    87 |    49 ||   136
Dodge: Dodged            |    38 |    29 ||    67
Block: Shield            |    78 |    49 ||   127
       Rpst.: Long sword |     9 |     8 ||    17
